AoeStats
← Kuytan

Coastal Forest

510356739Analyzed
2v2 RM · 2d ago on Sep 30, 2026· 47m 41s· 4 players
Game mode
Random Map
Map size
Medium (4 player)
Population
200
Speed
Normal
Resources
Standard
Victory
Conquest
Starting age
Dark Age
Ending age
Imperial Age
RankedLock teamsTeams togetherTeam positionsShared explorationLock speedFull tech treeHidden civsTurbo modeCheats
Victory
Defeat
🇬🇷 Khmer · Greece
1190
+17
🇩🇰 Romans · Denmark
1189
+17
🇸🇪 Franks · Sweden
1235
-18
🇸🇪 Ethiopians · Sweden
1196
-16
NomadX
2:49 Loom
5:37 Loom
6:00 Loom
8:54 Feudal Age
19:18 Castle Age
17:46 Bloodlines
17:51 Double-Bit Axe
17:48 Horse Collar
19:03 Scale Barding Armor
19:34 Gold Mining
21:01 Husbandry
21:55 Town Watch
22:48 Wheelbarrow
23:30 Forging
24:24 Bow Saw
26:20 Stone Mining
27:05 Town Watch
28:37 Chain Barding Armor
33:00 Gold Shaft Mining
35:14 Hand Cart
38:45 Imperial Age
38:15 Iron Casting
37:54 Tusk Swords
39:09 Elite Battle Elephant
40:40 Conscription
42:44 Plate Barding Armor
44:26 Blast Furnace
LeCuzz DeMarr
6:42 Loom
9:33 Feudal Age
9:36 Man-at-Arms
11:27 Scale Mail Armor
12:54 Double-Bit Axe
17:29 Wheelbarrow
20:02 Castle Age
21:02 Bow Saw
25:45 Hand Cart
25:17 Town Watch
25:44 Pikeman
26:25 Squires
26:43 Chain Mail Armor
33:38 Imperial Age
34:24 Horse Collar
36:17 Ballistics
36:06 Siege Engineers
36:29 Heavy Scorpion
42:00 Conscription
44:18 Ballistas
45:38 Chemistry
45:36 Comitatenses
44:38 Long Swordsman
45:57 Legionary
46:52 Forging
47:28 Town Patrol
Kuytan
7:41 Loom
9:44 Feudal Age
10:56 Double-Bit Axe
17:10 Forging
22:52 Castle Age
23:48 Bow Saw
24:27 Husbandry
30:44 Wheelbarrow
33:52 Imperial Age
31:49 Town Watch
32:05 Gold Mining
33:56 Cavalier
35:16 Iron Casting
38:12 Paladin
39:09 Scale Barding Armor
40:05 Blast Furnace
40:25 Chain Barding Armor
44:07 Hand Cart
44:39 Plate Barding Armor
46:30 Light Cavalry
somewear
8:04 Loom
10:18 Feudal Age
13:04 Double-Bit Axe
13:25 Town Watch
22:54 Castle Age
21:19 Fletching
22:36 Gold Mining
23:08 Padded Archer Armor
23:05 Crossbowman
26:14 Ballistics
27:10 Bow Saw
28:59 Thumb Ring
31:48 Bodkin Arrow
32:14 Leather Archer Armor
33:24 Murder Holes
38:03 Forging
37:53 Scale Mail Armor
45:08 Imperial Age
43:20 Wheelbarrow
45:13 Arbalester
45:36 Arbalester
47:27 Bracer
48:04 Ring Archer Armor
Connection lost

Rejoining the realm…

Still unreachable

The connection could not be restored.

Session expired

The server has moved on; the page needs a fresh start.